 Dungeon Crawl Stone Soup version 0.30-a0-622-gddc90eaa04 (webtiles) character file.

Game seed: 7042488121173810660

1637 bmack86 the Trooper (level 8, -2/74 HPs)
             Began as a Minotaur Fighter on Jan 10, 2023.
             Was a Believer of Okawaru.
             Slain by a hornet (6 damage)
             ... on level 7 of the Dungeon.
             The game lasted 00:14:48 (5150 turns).

bmack86 the Trooper (Minotaur Fighter)              Turns: 5150, Time: 00:14:48

Health: -2/74      AC: 16    Str: 22    XL:     8   Next: 66%
Magic:  8/8        EV:  9    Int:  5    God:    Okawaru [**....]
Gold:   295        SH:  5    Dex: 11    Spells: 7/7 levels left

rFire   . . .      SeeInvis .    a - +0 war axe
rCold   + . .      Faith    .    c - +0 buckler
rNeg    . . .      Spirit   .    z - +7 Kryia's mail coat {PotionHeal*2 rC+}
rPois   .          Reflect  .    (helmet restricted)
rElec   .          Harm     .    (no cloak)
rCorr   .          Rampage  .    (no gloves)
Will    .....                    m - +1 pair of boots Stlth
                                 h - amulet of regeneration
HPRegen 1.12/turn                (no ring)
MPRegen 0.11/turn                (no ring)

@: slowed, very slow
A: horns 2, retaliatory headbutt
a: Renounce Religion, Heroism


You were on level 7 of the Dungeon.
You worshipped Okawaru.
Okawaru was pleased with you.
You visited 2 branches of the dungeon, and saw 8 of its levels.

You collected 295 gold pieces.

Inventory:

Hand Weapons
 a - a +0 war axe (weapon)
Missiles
 f - 7 boomerangs (quivered)
Armour
 b - a +0 scale mail
 c - a +0 buckler (worn)
 m - a +1 pair of boots (worn)
 t - a +0 chain mail
 z - the +7 Kryia's mail coat (worn) {PotionHeal*2 rC+}
   (You found it on level 6 of the Dungeon)

   Potions are twice as effective at healing its wearer.
   rC:        It protects you from cold.
Jewellery
 h - an amulet of regeneration (around neck)
 B - an amulet of guardian spirit
Wands
 g - a wand of flame (22)
 j - a wand of quicksilver (10)
 o - a wand of roots (8)
 D - a wand of paralysis (7)
Scrolls
 e - 3 scrolls of vulnerability
 p - a scroll of brand weapon {unknown}
 q - a scroll of torment
 u - a scroll of teleportation
 y - a scroll of enchant weapon {unknown}
 C - a scroll of identify
Potions
 d - 5 potions of might
 i - 5 potions of cancellation
 k - 3 potions of heal wounds
 l - 2 potions of lignification
 n - a potion of attraction {unknown}
 r - a potion of brilliance {unknown}
 s - 2 potions of curing
 v - 2 potions of haste
 w - 2 potions of ambrosia
 x - 2 potions of degeneration {unknown}
 A - a potion of flight {unknown}


   Skills:
 * Level 7.8 Fighting
 * Level 7.4 Axes
 + Level 3.8 Throwing
 + Level 6.0 Armour
 + Level 6.0 Shields
 + Level 1.5 Invocations


You had 7 spell levels left.
You didn't know any spells.
Your spell library contained the following spells:

 Spells                   Type           Power      Damage    Failure   Level
 Beastly Appendage        Tmut           0%         N/A       86%         1
 Wereblood                Tmut           0%         N/A       94%         2
 Frozen Ramparts          Ice            0%         1d1       99%         3
 Spider Form              Tmut/Pois      0%         N/A       99%         3
 Ice Form                 Ice/Tmut       0%         N/A       100%        4
 Manifold Assault         Tloc           0%         N/A       100%        4
 Dispersal                Tloc           0%         N/A       100%        6
 Disjunction              Tloc           0%         N/A       100%        8
 Summon Ice Beast         Ice/Summ       Unusable   N/A       N/A         4

Dungeon Overview and Level Annotations

Branches:
Dungeon (7/15)             Temple (1/1) D:4

Altars:
Ashenzari
Cheibriados
Elyvilon
Fedhas
Gozag
Hepliaklqana
Kikubaaqudgha
Nemelex Xobeh
Okawaru
Qazlal
Ru
Sif Muna
Trog
Uskayaw
Vehumet
Wu Jian
Xom
The Shining One

Annotations:
D:6 2 transporters


Innate Abilities, Weirdness & Mutations

You have a pair of horns on your head.
You reflexively headbutt those who attack you in melee.


Message History

The hornet stings you but does no damage.
You closely miss the hornet. Your headbutt misses the hornet.
The hornet is heavily wounded.
You feel sick. The hornet closely misses you. The hornet stings you.
* * * LOW HITPOINT WARNING * * *
You feel as though you will be slow longer.
The hornet misses you.
You closely miss the hornet.
The hornet is heavily wounded.
You feel sick.
The hornet stings you but does no damage.
The hornet barely misses you. You furiously retaliate!
You headbutt the hornet! You hit the hornet but do no damage.
Your headbutt misses the hornet.
The hornet is severely wounded.
You feel sick.
You are no longer poisoned.
The hornet misses you.
The hornet stings you but does no damage.
You block the hornet's attack.
You hit the hornet but do no damage.
The hornet is severely wounded.
The hornet stings you.
* * * LOW HITPOINT WARNING * * *
You feel as though you will be slow longer.
The hornet stings you but does no damage.
You miss the hornet. Your headbutt misses the hornet.
The hornet is severely wounded.
The hornet stings you!
* * * LOW HITPOINT WARNING * * *
You feel as though you will be slow longer.
The hornet stings you!
* * * LOW HITPOINT WARNING * * *
You feel as though you will be slow longer.
The orc shouts loudly, as Orcs often do.
You block the hornet's attack.
You closely miss the hornet.
The hornet is severely wounded.
The hornet closely misses you. You block the hornet's attack.
The hornet stings you.
You die...

.. . .### #
..#.# . # .)#.
.# .##.###.. #
..[
........#.#.#o.
......y@#.#O##.
###.###..©#o#o.
#.#.#o##.
#.#.#o#o. #.###


Oo[ #..## .# ### ##..## . ..# #...## #.# ###..### You could see a hornet, 2 orc
warriors, an ogre, an orc priest and 3 orcs.

Vanquished Creatures
  A water moccasin (D:5)
  An orc warrior (D:6)
  An ice beast (D:6)
  An ogre (D:5)
  A centaur (D:6)
  2 phantoms (D:5)
  A bullfrog (D:6)
  Blork the orc (D:6)
  3 scorpions
  6 hounds
  2 orc priests
  A jelly (D:5)
  Ijyb (D:4)
  3 iguanas (D:6)
  An orc wizard (D:4)
  9 gnolls
  12 adders
  A shadow imp (D:5)
  2 ufetubi
  2 worms
  2 dart slugs
  9 orcs
  3 endoplasms
  3 giant cockroaches
  8 hobgoblins
  14 jackals
  6 quokkas
  8 ball pythons
  12 bats
  7 frilled lizards
  7 goblins
  10 kobolds
  4 rats (D:3)
145 creatures vanquished.

Notes
Turn   | Place    | Note
-------+----------+-------------------------------------------
     0 | D:1      | bmack86 the Minotaur Fighter began the quest for the Orb.
     0 | D:1      | Reached XP level 1. HP: 19/19 MP: 0/0
   254 | D:1      | Reached XP level 2. HP: 27/27 MP: 1/1
   519 | D:1      | Found a faded altar of an unknown god.
   771 | D:2      | Reached XP level 3. HP: 33/33 MP: 2/2
   994 | D:2      | Reached skill level 1 in Throwing
  1006 | D:2      | Reached XP level 4. HP: 28/41 MP: 3/3
  1299 | D:2      | Identified the +9 dagger of Kecsix {speed, Dex+5}
  1799 | D:3      | Reached XP level 5. HP: 47/47 MP: 4/4
  2112 | D:4      | Reached skill level 5 in Fighting
  2125 | D:4      | Reached XP level 6. HP: 50/56 MP: 5/5
  2236 | D:4      | Noticed Ijyb
  2259 | D:4      | Killed Ijyb
  2456 | D:4      | Found a staircase to the Ecumenical Temple.
  2469 | Temple   | Entered the Ecumenical Temple
  2522 | Temple   | Became a worshipper of Warmaster Okawaru
  2714 | D:4      | Found a radiant altar of Vehumet.
  2719 | D:4      | Reached skill level 5 in Axes
  2931 | D:5      | Entered Level 5 of the Dungeon
  2934 | D:5      | Noticed a water moccasin
  2946 | D:5      | Killed a water moccasin
  2949 | D:5      | Reached XP level 7. HP: 46/63 MP: 6/6
  2986 | D:5      | Found a sacrificial altar of Ru.
  3034 | D:5      | Reached skill level 5 in Armour
  3034 | D:5      | Reached skill level 5 in Shields
  3106 | D:5      | Reached * piety under Okawaru
  3323 | D:5      | Found a sparkling altar of Nemelex Xobeh.
  3326 | D:5      | Found a bloodstained altar of Trog.
  3329 | D:5      | Found a stormy altar of Qazlal.
  3348 | D:5      | Found a broken altar of Ashenzari.
  3602 | D:5      | Reached XP level 8. HP: 71/71 MP: 7/7
  3818 | D:6      | Noticed Blork the orc
  3828 | D:6      | Killed Blork the orc
  3901 | D:6      | Reached ** piety under Okawaru
  3988 | D:6      | Reached skill level 1 in Invocations
  4485 | D:6      | Found the +7 Kryia's mail coat {PotionHeal*2 rC+}
  4570 | D:6      | Found a transporter.
  4586 | D:6      | Found a transporter.
  5133 | D:7      | Noticed a hornet
  5135 | D:7      | Paralysed by a hornet for 3 turns
  5139 | D:7      | Noticed an ogre mage
  5149 | D:7      | HP: 2/74 [hornet (9)]
  5150 | D:7      | Slain by a hornet

Illustrated notes

Levels and vault maps discovered:
D:1:      matt_arrival_los_fun, layout_loops_cross,
          hellmonk_ecumenical_altar_arch_garden
D:2:      layout_basic
D:3:      minmay_bubble_buster, layout_loops_cross,
          corexii_item_surrounded_by_moat
D:4:      layout_loops_ring, nicolae_vehumet_radiance, minmay_temple_entry_grid,
          uniq_ijyb
D:5:      layout_basic, grunt_temple_overflow_cloverleaf,
          nicolae_ru_great_annihilating_truth, serial_corexii_hall,
          corexii_hall_statues_i, chequers_hall_statues_wall_a,
          chequers_hall_statues_corner_a, minmay_misc_feat_rows,
          serial_bayou_pond_d, kennysheep_small_square
D:6:      gammafunk_steamed_eel, layout_layer_cave, dk_vineyard_1,
          uniq_blork_the_orc
D:7:      gammafunk_beogh_shrine, layout_basic, zin_treasury, lemuel_tele_altar,
          mainiacjoe_overflow_chevrons, chequers_serial_rivers_large_a
Temple:   nicolae_temple_ecumenical_triangle

Skill      XL: |  1  2  3  4  5  6  7  8 |
---------------+-------------------------+-----
Fighting       | 4 5 6 7 |  7.8
Axes           | 3 4 5 6 7 |  7.4
Throwing       | 1 2 3 |  3.8
Armour         | 4 5 6 |  6.0
Shields        | 4 5 6 |  6.0
Invocations    | 1 |  1.5

Action                   |  1- 3 |  4- 6 |  7- 9 || total
-------------------------+-------+-------+-------++-------
Melee: War axe           |    65 |   150 |   129 ||   344
       Headbutt          |     5 |     8 |    21 ||    34
Throw: Boomerang         |     1 |    29 |     4 ||    34
  Use: Scroll            |       |    10 |     4 ||    14
 Stab: Paralysed         |       |       |     2 ||     2
Armor: Scale mail        |    70 |   109 |    56 ||   235
       Chain mail        |       |       |    39 ||    39
Dodge: Dodged            |    55 |    83 |    82 ||   220
Block: Buckler           |    25 |    42 |    41 ||   108

Table legend: (Time is in decaauts)
 A = Elapsed time spent in this place.
 B = Non-inter-level travel time spent in this place.
 C = Inter-level travel time spent in this place.
 D = Time resting spent in this place.
 E = Time spent auto-exploring this place.
 F = Levels seen in this place.
 G = Mean time per level.
                   A        B        C        D        E       F      G
               +--------+--------+--------+--------+--------+-----+--------+
         Total |   5271 |   5095 |    176 |     28 |   3616 |   8 |  658.9 |
       Dungeon |   5211 |   5035 |    176 |     28 |   3616 |   7 |  744.4 |
        Temple |     60 |     60 |      0 |      0 |      0 |   1 |   60.0 |
               +--------+--------+--------+--------+--------+-----+--------+

Top non-repeatable levels by time:
     D:6: 1342 daAuts
     D:4: 817 daAuts
     D:5: 816 daAuts
     D:1: 760 daAuts
     D:3: 733 daAuts
     D:2: 635 daAuts
     D:7: 105 daAuts
  Temple: 60 daAuts
